 Dungeon Crawl Stone Soup version 0.19-b1-5-gdc9fa9d (webtiles) character file.

122 Holeefuk the Chopper (level 5, 0/41 HPs)
             Began as a Formicid Fighter on Oct 31, 2016.
             Slain by CompileTime's ghost (12 damage)
             ... on level 3 of the Dungeon.
             The game lasted 00:03:21 (1834 turns).

Holeefuk the Chopper (Formicid Fighter)             Turns: 1834, Time: 00:03:22

Health: 0/41       AC:  6    Str: 18 (21) XL:     5   Next: 27%
Magic:  5/5        EV:  8    Int:  7 (8)  God:
Gold:   89         SH:  8    Dex:  7 (10) Spells: 0 memorised, 4 levels left

rFire  . . .     SeeInvis +     a - +0 war axe
rCold  . . .     Gourm    .     b - +0 scale mail
rNeg   . . .     Faith    .     c - +0 shield
rPois  .         Spirit   .     (helmet unavailable)
rElec  .         Reflect  .     (no cloak)
rCorr  .         Harm     .     (no gloves)
MR     .....                    (no boots)
Stlth  +.........               (no amulet)
                                (no ring)
                                g - ring of stealth

@: no status effects
A: permanent stasis, dig shafts and tunnels, four strong arms, antennae 3
a: Dig, Shaft Self


You were on level 3 of the Dungeon.
You were very hungry.

You visited 1 branch of the dungeon, and saw 3 of its levels.

You collected 89 gold pieces.

Inventory:

Hand Weapons
 a - a +0 war axe (weapon)
Armour
 b - a +0 scale mail (worn)
 c - a +0 shield (worn)
Jewellery
 g - a ring of stealth (left hand)
Scrolls
 h - a scroll of noise {unknown}
 i - a scroll of teleportation {unknown}
 j - a scroll of enchant weapon {unknown}
 l - 5 scrolls of identify {unknown}
 m - a scroll of magic mapping {unknown}
 p - a scroll of remove curse {unknown}
Potions
 d - a potion of might
 o - a potion of haste {unknown}
Comestibles
 f - a bread ration
 k - a meat ration


   Skills:
 - Level 3.2 Fighting
 - Level 4.2 Axes
 - Level 3.2 Armour
 + Level 2.2 Dodging
 - Level 3.6 Shields


You had 4 spell levels left.
You didn't know any spells.

Dungeon Overview and Level Annotations

Branches:
Dungeon (3/15)

Altars:

Annotations:
D:3 CompileTime's ghost, weakling VSFi


Innate Abilities, Weirdness & Mutations

You are under a permanent stasis effect.
You can dig through walls and to a lower floor.
Your four strong arms can wield two-handed weapons with a shield.
You have a pair of large antennae on your head. (SInv)


Message History

The hobgoblin is almost dead.
You closely miss CompileTime's ghost. The bat hits you but does no damage.
You block the hobgoblin's attack. CompileTime's ghost hits you.
You are electrocuted!
The hobgoblin hits you but does no damage.
Unknown command.
You hit the hobgoblin.
You kill the hobgoblin!
You hit CompileTime's ghost. The bat hits you but does no damage.
CompileTime's ghost hits you but does no damage.
CompileTime's ghost hits you.
Unknown command.
Your shield and scale mail prevent you from hitting CompileTime's ghost.
CompileTime's ghost is lightly damaged.
You block the bat's attack. x2
CompileTime's ghost lets out a mournful wail.
CompileTime's ghost hits you.
* * * LOW HITPOINT WARNING * * *
You are electrocuted!
You die...

#....)..# #.......#
####### #.......#
.)..... #.......#
....... ##.......#
.......#######....#####
.......#.........##
......)#>#.....###
#..b@...##### #..W.####
#.....## ...#.## #....
...# ... #.


You could see CompileTime's ghost and a bat.

Vanquished Creatures
  5 adders
  An ooze (D:2)
  A worm (D:2)
  2 dart slugs
  2 leopard geckos (D:1)
  3 giant cockroaches
  5 goblins
  7 hobgoblins
  10 jackals (D:1)
  7 bats
  5 frilled lizards
  8 kobolds
  7 rats
63 creatures vanquished.

Notes
Turn   | Place    | Note
-------+----------+-------------------------------------------
     0 | D:1      | Holeefuk the Formicid Fighter began the quest for the Orb.
     0 | D:1      | Reached XP level 1. HP: 18/18 MP: 1/1
    66 | D:1      | Reached XP level 2. HP: 19/24 MP: 2/2
    99 | D:1      | Reached skill level 3 in Axes
   385 | D:1      | Reached XP level 3. HP: 21/29 MP: 3/3
  1014 | D:2      | Reached skill level 4 in Axes
  1014 | D:2      | Reached XP level 4. HP: 30/35 MP: 4/4
  1095 | D:2      | Reached skill level 1 in Dodging
  1669 | D:3      | Reached XP level 5. HP: 29/41 MP: 5/5
  1827 | D:3      | Noticed CompileTime's ghost (weakling VSFi)
  1834 | D:3      | Slain by CompileTime's ghost

Skill      XL: |  1  2  3  4  5 |
---------------+----------------+-----
Axes           | 3 4 |  4.2
Dodging        | 1 2 |  2.2
Fighting       | |  3.2
Armour         | |  3.2
Shields        | |  3.6

Action                   |  1- 3 |  4- 6 || total
-------------------------+-------+-------++-------
Melee: War axe           |   119 |    72 ||   191
 Abil: Dig               |       |     1 ||     1
  Use: Potion            |       |     2 ||     2
  Eat: Chunk             |       |     2 ||     2
Armor: Scale mail        |    64 |    33 ||    97
Dodge: Dodged            |    36 |    17 ||    53
Block: Shield            |    75 |    27 ||   102
